Map: 匹昂台地

Players

请输入一个名字 - Winner!

  • Race: Zerg Zerg

Quail

  • Race: Protoss Protoss
  • League: Diamond

VOD

Have the link to the VOD?

Description

Time

  • Played on: Dec. 7, 2015, 8:20 a.m.
  • Length: 9:38
Show
View Real Time Build Order
Export as new Build Order

请输入一个名字 Zerg - Winner!

Build Orders: 3 Hatch before Pool 

Get SALT Encoding   

  12  0:01  Drone  
  13  0:13  Overlord  
  13  0:17  Drone  
  14  0:31  Drone  
  14  0:32  Drone  
  14  0:35  Drone  
  17  0:47  Drone  
  18  0:56  Hatchery  
  17  1:00  Drone  
  18  1:07  Drone  
  19  1:18  Drone  
  20  1:29  Hatchery  
  19  1:37  Spawning Pool  
  18  1:47  Drone x2  
  18  1:51  Extractor  
  19  2:01  Overlord  
  19  2:04  Drone  
  20  2:14  Drone  
  21  2:22  Drone x2  
  23  2:25  Queen  
  23  2:26  Queen  
  23  2:28  Drone  
  28  2:30  Drone  
  29  2:39  Drone  
  29  2:40  Drone  
  29  2:41  Drone  
  32  2:48  Roach Warren  
  32  2:49  Drone  
  32  2:56  Queen  
  34  3:14  Metabolic Boost  
  34  3:19  Drone x2  
  37  3:20  Drone x5  
  37  3:21  Drone  
  37  3:22  Extractor  
  41  3:28  Drone  
  41  3:33  Overlord x2  
  42  3:46  Extractor  
  41  3:48  Lair  
  41  3:52  Drone  
  42  3:56  Drone  
  42  3:57  Drone x2  
  42  3:58  Drone  
  42  4:00  Drone x3  
  49  4:04  Drone  
  49  4:05  Extractor  
  49  4:06  Drone  
  50  4:17  Overlord  
  50  4:18  Overlord  
  50  4:38  Drone x2  
  52  4:39  Zergling x8  
  52  4:40  Zergling x14  
  52  4:42  Zergling x4  
  65  4:52  Zergling x2  
  66  4:53  Overlord  
  66  4:54  Overlord  
  66  5:01  Drone, Spire  
  66  5:08  Spine Crawler  
  66  5:09  Spine Crawler, Zergling x2  
  59  5:25  Zergling x2  
  59  5:26  Zergling x12  
  59  5:27  Zergling x12  
  59  5:28  Zergling x2  
  73  5:34  Drone x3  
  76  5:36  Drone x2  
  76  5:41  Burrow  
  76  5:42  Glial Reconstitution  
  78  5:44  Overlord  
  78  5:45  Overlord x2  
  78  6:01  Overlord  
  78  6:02  Overlord  
  78  6:04  Extractor  
  78  6:05  Drone x3, Extractor  
  78  6:06  Drone x3  
  82  6:12  Drone  
  82  6:13  Drone  
  82  6:14  Drone  
  82  6:15  Drone  
  86  6:29  Mutalisk x5  
  96  6:42  Overseer  
  96  6:44  Overlord x3  
  96  6:45  Mutalisk  
  96  6:46  Mutalisk x2  
  102  7:01  Tunneling Claws  
  100  7:12  Zergling x4  
  100  7:13  Zergling x14  
  100  7:14  Zergling x8  
  112  7:21  Overlord x2  
  112  7:23  Mutalisk x4  
  120  7:36  Mutalisk x3  
  120  8:08  Mutalisk  
  120  8:09  Mutalisk x5  
  120  8:10  Mutalisk  
  118  8:16  Spine Crawler x2  
  118  8:17  Spine Crawler x2  
  118  8:19  Spine Crawler  
  112  8:21  Spine Crawler  
  112  8:22  Spine Crawler  
  112  8:25  Spine Crawler  
  108  8:27  Spine Crawler x2  
  108  8:28  Spine Crawler  
  105  8:37  Spine Crawler x2  
  101  8:51  Drone x2  
  94  9:10  Drone x2  
  75  9:24  Hatchery  
  74  9:36  Extractor  
Show
View Real Time Build Order
Export as new Build Order

Quail Protoss 

Build Orders: Nexus First, Zealot Archon 

Get SALT Encoding   

  12  0:01  Probe (Chrono Boost)  
  13  0:11  Probe (Chrono Boost)  
  14  0:18  Pylon  
  14  0:22  Probe (Chrono Boost)  
  15  0:36  Probe (Chrono Boost)  
  16  0:47  Probe (Chrono Boost)  
  17  0:57  Nexus  
  17  1:09  Gateway  
  17  1:13  Assimilator  
  17  1:17  Probe (Chrono Boost)  
  18  1:24  Assimilator  
  18  1:27  Probe (Chrono Boost)  
  19  1:38  Probe (Chrono Boost)  
  20  1:48  Probe (Chrono Boost)  
  20  1:49  Pylon  
  21  1:58  Cybernetics Core  
  21  2:03  Probe (Chrono Boost)  
  22  2:14  Probe (Chrono Boost)  
  23  2:16  Probe (Chrono Boost)  
  24  2:25  Probe (Chrono Boost)  
  25  2:31  Gateway  
  25  2:32  Probe (Chrono Boost)  
  26  2:37  Robotics Facility  
  26  2:41  Warp Gate  
  26  2:45  Probe (Chrono Boost)  
  26  2:46  Probe (Chrono Boost)  
  26  2:49  Sentry  
  30  2:55  Probe (Chrono Boost)  
  30  2:57  Probe (Chrono Boost)  
  32  3:06  Probe (Chrono Boost)  
  32  3:11  Gateway  
  34  3:13  Probe (Chrono Boost)  
  34  3:20  Probe (Chrono Boost)  
  34  3:24  Stalker  
  34  3:26  Warp Prism  
  40  3:34  Probe x2 (Chrono Boost)  
  40  3:44  Pylon  
  40  3:47  Assimilator  
  40  3:51  Adept  
  40  3:52  Assimilator  
  42  3:56  Adept  
  42  3:59  Adept  
  42  4:02  Probe x2 (Chrono Boost)  
  48  4:03  Observer  
  49  4:13  Probe x2 (Chrono Boost)  
  51  4:22  Twilight Council  
  51  4:23  Probe x2 (Chrono Boost)  
  54  4:24  Observer  
  54  4:25  Pylon  
  54  4:26  Pylon  
  54  4:43  Pylon  
  54  4:44  Probe x2 (Chrono Boost)  
  56  4:47  Gateway  
  56  4:49  Gateway  
  56  4:52  Gateway  
  56  4:54  Probe (Chrono Boost)  
  56  4:57  Gateway  
  57  5:03  Probe (Chrono Boost)  
  57  5:05  Probe (Chrono Boost)  
  57  5:32  Zealot  
  57  5:33  Zealot x2  
  57  5:35  Charge (Chrono Boost)  
  59  5:36  Warp Prism  
  61  5:46  Templar Archives, Gateway  
  61  5:56  Adept x2  
  65  6:01  Adept x4  
  73  6:07  Sentry  
  75  6:30  Pylon  
  75  6:32  Pylon  
  75  6:34  Pylon  
  75  6:45  Adept  
  77  6:48  Immortal  
  77  6:50  High Templar x3  
  77  6:51  High Templar x2  
  91  6:56  Archon  
  91  6:57  Archon  
  91  6:58  High Templar  
  91  6:59  Zealot  
  95  7:03  Archon  
  95  7:09  Pylon  
  93  7:24  Zealot x2  
  93  7:25  Zealot x2  
  101  7:42  Pylon  
  103  7:44  Mothership Core, Pylon  
  103  7:47  Pylon  
  103  7:49  Adept  
  103  7:50  Adept x2  
  109  7:52  Nexus  
  101  8:03  Zealot x5  
  75  8:20  High Templar x3  
  81  8:28  High Templar  
  81  8:33  Archon  
  83  8:46  Archon  
  75  9:15  Assimilator  
Tags
 
Add a new tag
Caveats
  • Supply blocks, unpowered buildings, or Contaminate may cause inaccurate times.
  • Supply counts are checked every 10 seconds.